 Dungeon Crawl Stone Soup version 0.27.0-1-g7a089689b8 (webtiles) character file.

Game seed: 7521873579814242549

13 belegose the Grave Robber (level 2, 0/22 HPs)
             Began as a Demigod Necromancer on Aug 6, 2021.
             Succumbed to a goblin's poison
             ... on level 1 of the Dungeon.
             The game lasted 00:02:37 (559 turns).

belegose the Grave Robber (Demigod Necromancer)      Turns: 559, Time: 00:02:37

Health: 0/22       AC:  3    Str:  9    XL:     2   Next: 12%
Magic:  6/7        EV: 12    Int: 17    God:
Gold:   13         SH:  0    Dex: 14    Spells: 4/5 levels left

rFire    . . .     SeeInvis .   c - +0 dagger
rCold    . . .     Faith    .   (no shield)
rNeg     . . .     Spirit   .   a - +1 robe
rPois    .         Reflect  .   (no helmet)
rElec    .         Harm     .   (no cloak)
rCorr    .         Rampage  .   (no gloves)
Will     +....                  (no boots)
Stlth    ++........             (no amulet)
HPRegen  0.07/turn              e - ring of willpower
MPRegen  0.10/turn              (no ring)

@: lethally poisoned (0 -> -7)
A: high mp 1, forlorn
a: no special abilities


You were on level 1 of the Dungeon.
You visited 1 branch of the dungeon, and saw 1 of its levels.

You collected 13 gold pieces.

Inventory:

Hand Weapons
 c - a +0 dagger (weapon)
Armour
 a - a +1 robe (worn)
Jewellery
 e - a ring of willpower (left hand)


   Skills:
 + Level 0.5 Fighting
 - Level 1.7 Dodging
 + Level 2.1 Stealth
 + Level 2.0 Spellcasting
 + Level 3.7 Necromancy


You had 4 spell levels left.
You knew the following spells:

 Your Spells              Type           Power      Damage    Failure   Level
a - Pain                  Necr           56%        1d6       4%          1

Your spell library contained the following spells:

 Spells                   Type           Power      Damage    Failure   Level
 Animate Skeleton         Necr           28%        N/A       4%          1
 Vampiric Draining        Necr           7%         2d7       12%         3
 Animate Dead             Necr           7%         N/A       38%         4
 Agony                    Necr           14%        N/A       75%         5


Dungeon Overview and Level Annotations

Branches:
Dungeon (1/15)


Innate Abilities, Weirdness & Mutations

Your attributes grow dramatically as you level up.
You have an increased reservoir of magic. (+10% MP)
You shall have no god before yourself.


Message History

Confirm with . or Enter, or press ? or * to list all spells.
Aiming: Pain (safe; 4% risk of failure)
Press: ? - help, Shift-Dir - straight line, f/p - jackal
Aim: a jackal (lightly wounded, chance to affect: 85%)
The jackal writhes in agony.
The jackal bites you.
* * * LOW HITPOINT WARNING * * *
The jackal bites you but does no damage.
You hit the jackal.
The jackal is almost dead.
The jackal barely misses you.
You barely miss the jackal.
The jackal is almost dead.
The jackal barely misses you.
The jackal bites you but does no damage.
You hit the jackal.
You kill the jackal!
A goblin comes into view. It is wielding a +1 dagger of venom.
The goblin shouts!
The hobgoblin barely misses you.
Casting: Pain (safe; 4% risk of failure)
Confirm with . or Enter, or press ? or * to list all spells.
Aiming: Pain (safe; 4% risk of failure)
Press: ? - help, Shift-Dir - straight line, f - hobgoblin
Aim: a hobgoblin (chance to affect: 85%)
The hobgoblin barely resists.
The hobgoblin hits you but does no damage.
The goblin shouts!
The hobgoblin hits you but does no damage.
Casting: Pain (safe; 4% risk of failure)
Confirm with . or Enter, or press ? or * to list all spells.
Aiming: Pain (safe; 4% risk of failure)
Press: ? - help, Shift-Dir - straight line, f/p - hobgoblin
Aim: a hobgoblin (chance to affect: 85%)
The goblin barely resists.
The goblin hits you but does no damage.
You are lethally poisoned!
* * * LOW HITPOINT WARNING * * *
You feel very sick.
* * * LOW HITPOINT WARNING * * *
You feel sick.
You die...

####.#####..##.#......♣.♣♣
.............#..........P♣♣#
#....######..###.#####P..P.##
#....# #..)........♣♣....#
#....# ###.####.#####♣♣♣.♣.#
##.### #....###....##.###..#
.#.######.#...gg..#.##.....##
.......##.#.####..#.##.#####
.#####.##.....##@.#....#
...........#..##..#.####
.#.....###.#..##..#.#
.#.###.##..##.##....# ##.#
#.........#.##.#
##.###.##...........#
##.g.#....##.#.#.#####.#
####.######.............
###..........##...######


You could see a goblin.

Vanquished Creatures
  2 endoplasms (D:1)
  2 giant cockroaches (D:1)
  4 jackals (D:1)
  A bat (D:1)
  A frilled lizard (D:1)
  A goblin (D:1)
11 creatures vanquished.

Notes
Turn   | Place    | Note
-------+----------+-------------------------------------------
     0 | D:1      | belegose the Demigod Necromancer began the quest for the
                  | Orb.
     0 | D:1      | Reached XP level 1. HP: 14/14 MP: 5/5
   434 | D:1      | Reached XP level 2. HP: 15/22 MP: 1/7
   459 | D:1      | HP: 1/22 [jackal (2)]
   558 | D:1      | HP: 1/22 [poisoned by a goblin]
   559 | D:1      | Succumbed to a goblin's poison

Illustrated notes

Levels and vault maps discovered:
D:1:      minmay_arrival_glassed_features, layout_basic, serial_forest,
          infiniplex_forest_lined_corner, infiniplex_forest_clump_curved,
          infiniplex_forest_lined_room_2, infiniplex_forest_corner_1,
          infiniplex_forest_end_double, infiniplex_forest_zigzag_1

Skill      XL: |  1 |
---------------+----+-----
Stealth        | 2 |  2.1
Spellcasting   | 2 |  2.0
Fighting       | |  0.5
Dodging        | |  1.7
Necromancy     | |  3.7

Action                   || total
-------------------------++-------
Melee: Unarmed           ||    10
       Dagger            ||    28
 Cast: Pain              ||    14
  Use: Scroll            ||     2
 Stab: Sleeping          ||     3
Armor: Robe              ||    18
Dodge: Dodged            ||    35
